[ AOE2 MATCH · #478310177 ]
UnrankedSpanish vs Persians
[ REPLAY ANALYSIS · EXTRACTED FROM THE RECORDED GAME ]
Feudal
11:21
Castle
14:51
Imperial
28:52
| APM avg | 44.3 |
| APM peak | 79 |
| eAPM avg | 29.0 |
| Villagers / military | 169 / 181 |
Focus
⚔️ 39.1% · 🌾 60.9%
Militia ×148 · Battering Ram ×10 · Conquistador ×9 · Trebuchet (Packed) ×7 · Missionary ×4 · Petard ×3
Feudal
10:01
Castle
14:49
Imperial
28:05
| APM avg | 22.5 |
| APM peak | 37 |
| eAPM avg | 17.0 |
| Villagers / military | 166 / 253 |
Focus
⚔️ 25.8% · 🌾 74.2%
Camel Scout ×153 · Knight ×96 · Monk ×2 · Trebuchet (Packed) ×2
Feudal
10:30
Castle
13:50
Imperial
29:26
| APM avg | 32.4 |
| APM peak | 57 |
| eAPM avg | 20.1 |
| Villagers / military | 160 / 124 |
Focus
⚔️ 22.8% · 🌾 77.2%
War Elephant ×123 · Bombard Cannon ×1
Feudal
10:59
Castle
22:58
Imperial
—
| APM avg | 35.7 |
| APM peak | 77 |
| eAPM avg | 21.6 |
| Villagers / military | 134 / 54 |
Focus
⚔️ 27.3% · 🌾 72.7%
Longbowman ×25 · Monk ×19 · Mangonel ×10
Feudal
8:10
Castle
21:50
Imperial
35:35
| APM avg | 24.5 |
| APM peak | 49 |
| eAPM avg | 16.3 |
| Villagers / military | 140 / 89 |
Focus
⚔️ 32.3% · 🌾 67.7%
Woad Raider ×62 · Battering Ram ×22 · Scorpion ×5
Feudal
10:42
Castle
15:25
Imperial
—
| APM avg | 31.7 |
| APM peak | 64 |
| eAPM avg | 23.6 |
| Villagers / military | 163 / 134 |
Focus
⚔️ 24.0% · 🌾 76.0%
Archer ×105 · Skirmisher ×24 · Battering Ram ×5
Match map
Initial resources + every placement click. Lines = walls · curves = elevation contours. ◆ gold · ⬟ stone · ● berries · ✦ relic · ◌ wall gap
Your base· ✓ Closed at 14:51 · 4t walls · 7 gate(s)
GAX | SUPERBOY's base· ✓ Closed at 14:49 · 0t walls · 2 gate(s)
Baby Wraith's base· ✓ Closed at 13:50 · 0t walls · 2 gate(s)
SirT_Gabasco's base· ✓ Closed at 22:58 · 27t walls · 3 gate(s)
Goon Master 3000's base· ✓ Closed at 21:50 · 0t walls · 2 gate(s)
Andeshow's base· ✓ Closed at 15:25 · 0t walls · 3 gate(s)
Smoothed initial terrain · ◌ = detected wall gap · hover for details
Inputs per minute
— RoR | Thofou2005 - - GAX | SUPERBOY
Build order — RoR | Thofou2005
First 150 of 560 actions detected
| 0:01 | Create | Villager (Male) |
| 0:01 | Create | Villager (Male) |
| 0:02 | Build | House |
| 0:03 | Build | House |
| 0:04 | Build | House |
| 0:15 | Create | Villager (Male) |
| 0:15 | Create | Villager (Male) |
| 1:17 | Create | Villager (Male) |
| 1:43 | Create | Villager (Male) |
| 1:44 | Build | Lumber Camp |
| 2:13 | Create | Villager (Male) |
| 2:14 | Create | Villager (Male) |
| 2:40 | Create | Villager (Male) |
| 3:03 | Create | Villager (Male) |
| 3:32 | Create | Villager (Male) |
| 3:47 | Build | Mill |
| 3:56 | Create | Villager (Male) |
| 3:56 | Create | Villager (Male) |
| 4:17 | Create | Villager (Male) |
| 4:17 | Create | Villager (Male) |
| 4:40 | Create | Villager (Male) |
| 4:41 | Create | Villager (Male) |
| 4:47 | Build | Palisade Gate |
| 4:54 | Create | Villager (Male) |
| 4:55 | Create | Villager (Male) |
| 5:01 | Build | Palisade Gate |
| 5:04 | Build | Palisade Wall |
| 5:06 | Build | Palisade Gate |
| 5:19 | Create | Villager (Male) |
| 5:24 | Build | Palisade Gate |
| 5:31 | Build | Palisade Wall |
| 5:31 | Build | Palisade Wall |
| 5:32 | Build | Palisade Wall |
| 5:38 | Create | Villager (Male) |
| 5:41 | Create | Villager (Male) |
| 5:50 | Build | House |
| 6:02 | Create | Villager (Male) |
| 6:02 | Create | Villager (Male) |
| 6:23 | Create | Villager (Male) |
| 6:39 | Create | Villager (Male) |
| 6:39 | Create | Villager (Male) |
| 6:45 | Create | Villager (Male) |
| 6:59 | Create | Villager (Male) |
| 6:59 | Create | Villager (Male) |
| 7:26 | Create | Villager (Male) |
| 7:26 | Create | Villager (Male) |
| 7:28 | Create | Villager (Male) |
| 7:28 | Create | Villager (Male) |
| 7:29 | Create | Villager (Male) |
| 7:36 | Build | Mining Camp |
| 7:51 | Build | House |
| 8:16 | Research | Feudal Age |
| 8:16 | Research | Feudal Age |
| 9:06 | Build | Mining Camp |
| 9:27 | Create | Villager (Male) |
| 9:27 | Create | Villager (Male) |
| 10:38 | Build | Lumber Camp |
| 10:58 | Create | Villager (Male) |
| 11:21 | Age | Feudal Age |
| 11:23 | Build | Market |
| 11:29 | Build | Blacksmith |
| 11:44 | Research | Double-Bit Axe |
| 11:44 | Research | Double-Bit Axe |
| 12:11 | Research | Castle Age |
| 12:11 | Research | Castle Age |
| 12:15 | Research | Horse Collar |
| 12:15 | Research | Horse Collar |
| 12:39 | Build | Farm |
| 12:45 | Build | Farm |
| 12:56 | Build | Farm |
| 13:02 | Build | Farm |
| 13:02 | Create | Villager (Male) |
| 13:14 | Build | House |
| 13:25 | Build | Farm |
| 13:36 | Build | Farm |
| 13:50 | Build | House |
| 13:55 | Create | Villager (Male) |
| 14:26 | Build | Farm |
| 14:29 | Build | Farm |
| 14:51 | Age | Castle Age |
| 14:57 | Research | Bow Saw |
| 14:58 | Create | Villager (Male) |
| 15:15 | Build | Castle |
| 15:22 | Build | Monastery |
| 15:33 | Create | Villager (Male) |
| 16:16 | Create | Missionary |
| 16:16 | Create | Conquistador |
| 16:16 | Create | Conquistador |
| 16:19 | Create | Villager (Male) |
| 16:34 | Create | Conquistador |
| 16:34 | Create | Villager (Male) |
| 16:47 | Create | Missionary |
| 16:47 | Create | Villager (Male) |
| 16:51 | Build | Farm |
| 16:52 | Build | Farm |
| 16:53 | Build | Farm |
| 16:54 | Build | Farm |
| 17:03 | Build | Farm |
| 17:07 | Create | Villager (Male) |
| 17:25 | Create | Conquistador |
| 17:45 | Create | Villager (Male) |
| 18:00 | Create | Villager (Male) |
| 18:02 | Build | Town Center |
| 18:12 | Create | Conquistador |
| 18:15 | Build | Farm |
| 18:17 | Build | Farm |
| 18:19 | Create | Villager (Male) |
| 18:31 | Create | Petard |
| 18:32 | Create | Petard |
| 18:36 | Create | Petard |
| 18:43 | Build | Farm |
| 18:45 | Create | Villager (Male) |
| 19:03 | Build | Farm |
| 19:10 | Create | Conquistador |
| 19:11 | Create | Villager (Male) |
| 19:30 | Build | Town Center |
| 19:34 | Create | Villager (Male) |
| 19:34 | Create | Villager (Male) |
| 19:41 | Create | Conquistador |
| 20:02 | Create | Conquistador |
| 20:02 | Create | Villager (Male) |
| 20:03 | Create | Villager (Male) |
| 20:08 | Build | Farm |
| 20:09 | Build | Farm |
| 20:14 | Build | Farm |
| 20:14 | Build | Farm |
| 20:30 | Create | Villager (Male) |
| 20:31 | Create | Villager (Male) |
| 20:58 | Research | Wheelbarrow |
| 21:01 | Create | Villager (Male) |
| 21:14 | Create | Villager (Male) |
| 21:14 | Create | Villager (Male) |
| 21:19 | Build | Town Center |
| 21:21 | Create | Villager (Male) |
| 21:21 | Create | Villager (Male) |
| 21:27 | Create | Villager (Male) |
| 21:28 | Build | Farm |
| 21:29 | Build | Farm |
| 21:30 | Create | Villager (Male) |
| 21:31 | Create | Villager (Male) |
| 21:32 | Build | Farm |
| 21:34 | Build | Farm |
| 21:49 | Create | Villager (Male) |
| 21:50 | Create | Villager (Male) |
| 21:50 | Build | Farm |
| 21:57 | Build | Farm |
| 21:58 | Build | Farm |
| 22:16 | Build | Farm |
| 22:17 | Build | Farm |
| 22:19 | Create | Villager (Male) |
Build order — GAX | SUPERBOY
First 150 of 428 actions detected
| 0:00 | Create | Villager (Male) |
| 0:01 | Create | Villager (Male) |
| 0:01 | Create | Villager (Male) |
| 0:01 | Create | Villager (Male) |
| 0:02 | Build | House |
| 0:05 | Build | House |
| 0:53 | Create | Villager (Male) |
| 0:53 | Create | Villager (Male) |
| 1:32 | Create | Villager (Male) |
| 1:32 | Create | Villager (Male) |
| 1:46 | Create | Villager (Male) |
| 1:46 | Create | Villager (Male) |
| 2:22 | Build | Lumber Camp |
| 2:23 | Create | Villager (Male) |
| 2:23 | Create | Villager (Male) |
| 2:23 | Create | Villager (Male) |
| 2:51 | Create | Villager (Male) |
| 2:52 | Create | Villager (Male) |
| 3:15 | Build | House |
| 3:18 | Build | House |
| 3:27 | Create | Villager (Male) |
| 3:27 | Create | Villager (Male) |
| 3:54 | Create | Villager (Male) |
| 3:54 | Create | Villager (Male) |
| 4:34 | Create | Villager (Male) |
| 4:34 | Create | Villager (Male) |
| 4:50 | Build | Mill |
| 5:06 | Create | Villager (Male) |
| 5:07 | Create | Villager (Male) |
| 5:07 | Create | Villager (Male) |
| 5:30 | Create | Villager (Male) |
| 5:30 | Create | Villager (Male) |
| 5:31 | Create | Villager (Male) |
| 5:31 | Create | Villager (Male) |
| 7:07 | Create | Villager (Male) |
| 7:08 | Create | Villager (Male) |
| 7:08 | Create | Villager (Male) |
| 7:18 | Build | Mining Camp |
| 7:57 | Research | Feudal Age |
| 7:57 | Research | Feudal Age |
| 9:40 | Build | House |
| 9:42 | Build | House |
| 10:01 | Age | Feudal Age |
| 10:07 | Create | Villager (Male) |
| 10:07 | Create | Villager (Male) |
| 10:07 | Create | Villager (Male) |
| 10:19 | Build | Market |
| 10:24 | Build | Blacksmith |
| 10:27 | Create | Villager (Male) |
| 10:55 | Create | Villager (Male) |
| 11:30 | Create | Villager (Male) |
| 12:08 | Research | Castle Age |
| 12:25 | Research | Double-Bit Axe |
| 12:25 | Research | Double-Bit Axe |
| 12:32 | Build | Farm |
| 13:07 | Build | Farm |
| 13:08 | Build | Farm |
| 13:09 | Build | Farm |
| 13:18 | Research | Horse Collar |
| 13:19 | Research | Horse Collar |
| 13:19 | Research | Horse Collar |
| 13:41 | Build | Farm |
| 13:44 | Create | Villager (Male) |
| 13:47 | Create | Villager (Male) |
| 14:49 | Age | Castle Age |
| 14:50 | Create | Villager (Male) |
| 14:50 | Create | Villager (Male) |
| 14:57 | Build | Town Center |
| 15:06 | Build | Town Center |
| 15:13 | Create | Villager (Male) |
| 15:21 | Create | Villager (Male) |
| 15:42 | Build | House |
| 15:43 | Build | House |
| 15:44 | Build | House |
| 15:46 | Create | Villager (Male) |
| 15:51 | Create | Villager (Male) |
| 15:53 | Create | Villager (Male) |
| 15:58 | Build | Farm |
| 16:28 | Build | Monastery |
| 16:29 | Create | Villager (Male) |
| 16:30 | Create | Villager (Male) |
| 16:35 | Build | Farm |
| 16:36 | Build | Farm |
| 16:38 | Build | Farm |
| 16:40 | Create | Villager (Male) |
| 16:44 | Build | Farm |
| 16:53 | Create | Villager (Male) |
| 16:53 | Create | Villager (Male) |
| 17:07 | Build | Farm |
| 17:08 | Build | Farm |
| 17:16 | Create | Monk |
| 17:28 | Create | Villager (Male) |
| 17:29 | Create | Villager (Male) |
| 17:29 | Create | Villager (Male) |
| 17:33 | Build | Farm |
| 17:38 | Build | Farm |
| 17:42 | Create | Villager (Male) |
| 18:01 | Build | Mill |
| 18:02 | Build | Farm |
| 18:02 | Build | Farm |
| 18:03 | Build | Farm |
| 18:03 | Build | Farm |
| 18:03 | Build | Farm |
| 18:04 | Build | Farm |
| 18:04 | Build | Farm |
| 18:04 | Build | Farm |
| 18:06 | Create | Villager (Male) |
| 18:17 | Research | Loom |
| 18:18 | Research | Loom |
| 18:18 | Research | Loom |
| 18:20 | Build | Farm |
| 18:21 | Build | Farm |
| 18:29 | Create | Villager (Male) |
| 18:30 | Create | Villager (Male) |
| 18:30 | Create | Villager (Male) |
| 18:33 | Build | Farm |
| 18:36 | Build | Farm |
| 18:38 | Build | Farm |
| 18:39 | Create | Villager (Male) |
| 18:39 | Create | Villager (Male) |
| 18:47 | Build | Farm |
| 18:53 | Create | Villager (Male) |
| 18:53 | Create | Villager (Male) |
| 18:53 | Create | Villager (Male) |
| 19:06 | Build | Farm |
| 19:07 | Build | Farm |
| 19:09 | Build | Farm |
| 19:09 | Build | Farm |
| 19:10 | Create | Villager (Male) |
| 19:10 | Create | Villager (Male) |
| 19:14 | Build | Farm |
| 19:15 | Create | Villager (Male) |
| 19:19 | Build | Farm |
| 19:20 | Build | Farm |
| 19:22 | Create | Villager (Male) |
| 19:30 | Build | House |
| 19:31 | Build | House |
| 19:33 | Build | House |
| 19:34 | Build | House |
| 19:39 | Build | House |
| 19:42 | Create | Villager (Male) |
| 19:43 | Create | Villager (Male) |
| 19:43 | Create | Villager (Male) |
| 19:43 | Create | Villager (Male) |
| 19:58 | Create | Monk |
| 20:14 | Research | Wheelbarrow |
| 20:14 | Research | Wheelbarrow |
| 20:20 | Build | Farm |
| 20:23 | Research | Gold Mining |
| 20:24 | Research | Gold Mining |
Build order — Baby Wraith
First 150 of 493 actions detected
| 0:01 | Create | Villager (Male) |
| 0:01 | Create | Villager (Male) |
| 0:02 | Create | Villager (Male) |
| 0:03 | Build | House |
| 0:05 | Build | House |
| 0:24 | Create | Villager (Male) |
| 0:36 | Create | Villager (Male) |
| 1:29 | Create | Villager (Male) |
| 1:42 | Build | Lumber Camp |
| 1:52 | Create | Villager (Male) |
| 2:33 | Create | Villager (Male) |
| 3:13 | Create | Villager (Male) |
| 3:25 | Build | House |
| 3:30 | Create | Villager (Male) |
| 3:59 | Create | Villager (Male) |
| 4:04 | Build | Mill |
| 4:10 | Create | Villager (Male) |
| 4:33 | Create | Villager (Male) |
| 4:56 | Create | Villager (Male) |
| 5:18 | Create | Villager (Male) |
| 5:20 | Build | Mill |
| 5:30 | Create | Villager (Male) |
| 5:52 | Build | House |
| 6:21 | Create | Villager (Male) |
| 6:32 | Create | Villager (Male) |
| 6:42 | Build | Lumber Camp |
| 6:46 | Create | Villager (Male) |
| 7:01 | Create | Villager (Male) |
| 7:06 | Build | Farm |
| 7:14 | Create | Villager (Male) |
| 8:06 | Build | Mining Camp |
| 8:07 | Create | Villager (Male) |
| 8:26 | Research | Feudal Age |
| 8:37 | Build | Farm |
| 8:52 | Build | House |
| 9:05 | Create | Villager (Male) |
| 9:05 | Create | Villager (Male) |
| 10:30 | Age | Feudal Age |
| 10:33 | Build | Market |
| 10:38 | Build | Blacksmith |
| 11:24 | Research | Castle Age |
| 12:02 | Research | Double-Bit Axe |
| 12:19 | Build | Farm |
| 12:20 | Build | Farm |
| 12:21 | Build | Farm |
| 12:29 | Create | Villager (Male) |
| 12:55 | Research | Horse Collar |
| 13:46 | Create | Villager (Male) |
| 13:50 | Age | Castle Age |
| 13:53 | Research | Bow Saw |
| 13:56 | Build | Town Center |
| 14:20 | Create | Villager (Male) |
| 14:30 | Build | Town Center |
| 14:42 | Create | Villager (Male) |
| 14:54 | Build | House |
| 15:05 | Create | Villager (Male) |
| 15:11 | Build | House |
| 15:16 | Build | Farm |
| 15:16 | Build | Farm |
| 15:18 | Create | Villager (Male) |
| 15:26 | Build | Farm |
| 15:27 | Build | Farm |
| 15:35 | Build | Farm |
| 15:36 | Create | Villager (Male) |
| 15:49 | Create | Villager (Male) |
| 15:54 | Build | Farm |
| 15:56 | Create | Villager (Male) |
| 16:00 | Build | House |
| 16:01 | Build | House |
| 16:04 | Create | Villager (Male) |
| 16:11 | Build | Farm |
| 16:16 | Build | Farm |
| 16:16 | Create | Villager (Male) |
| 16:25 | Create | Villager (Male) |
| 16:31 | Build | Farm |
| 16:35 | Create | Villager (Male) |
| 16:44 | Build | Farm |
| 16:47 | Build | Farm |
| 16:48 | Create | Villager (Male) |
| 16:51 | Build | Farm |
| 16:55 | Create | Villager (Male) |
| 17:00 | Build | Farm |
| 17:04 | Create | Villager (Male) |
| 17:14 | Build | Farm |
| 17:14 | Build | Farm |
| 17:19 | Create | Villager (Male) |
| 17:22 | Build | Farm |
| 17:27 | Build | House |
| 17:28 | Create | Villager (Male) |
| 17:35 | Build | Farm |
| 17:45 | Build | Farm |
| 17:51 | Build | Farm |
| 17:52 | Create | Villager (Male) |
| 17:52 | Create | Villager (Male) |
| 17:57 | Build | Farm |
| 17:57 | Build | Farm |
| 17:58 | Create | Villager (Male) |
| 18:03 | Build | Farm |
| 18:07 | Build | Farm |
| 18:12 | Create | Villager (Male) |
| 18:12 | Create | Villager (Male) |
| 18:16 | Build | Farm |
| 18:22 | Build | Farm |
| 18:23 | Create | Villager (Male) |
| 18:29 | Create | Villager (Male) |
| 18:42 | Create | Villager (Male) |
| 18:43 | Create | Villager (Male) |
| 18:48 | Create | Villager (Male) |
| 18:55 | Build | Town Center |
| 18:58 | Create | Villager (Male) |
| 18:58 | Create | Villager (Male) |
| 19:04 | Build | Farm |
| 19:08 | Build | Farm |
| 19:09 | Create | Villager (Male) |
| 19:10 | Create | Villager (Male) |
| 19:15 | Create | Villager (Male) |
| 19:17 | Build | House |
| 19:18 | Build | House |
| 19:26 | Build | Farm |
| 19:27 | Create | Villager (Male) |
| 19:27 | Create | Villager (Male) |
| 19:33 | Build | Farm |
| 19:34 | Build | Farm |
| 19:35 | Create | Villager (Male) |
| 19:42 | Build | Farm |
| 19:46 | Build | Farm |
| 19:48 | Build | Farm |
| 19:49 | Build | Farm |
| 19:49 | Build | Farm |
| 19:49 | Build | Farm |
| 19:50 | Build | Farm |
| 19:50 | Build | Farm |
| 19:50 | Build | Farm |
| 19:51 | Build | Farm |
| 19:51 | Build | Farm |
| 19:51 | Build | Farm |
| 19:52 | Build | Farm |
| 19:52 | Build | Farm |
| 19:52 | Build | Farm |
| 19:53 | Build | Farm |
| 19:53 | Create | Villager (Male) |
| 19:58 | Create | Villager (Male) |
| 20:01 | Build | Farm |
| 20:02 | Create | Villager (Male) |
| 20:11 | Build | Farm |
| 20:12 | Create | Villager (Male) |
| 20:15 | Create | Villager (Male) |
| 20:18 | Build | House |
| 20:18 | Build | House |
| 20:20 | Create | Villager (Male) |
Build order — SirT_Gabasco
First 150 of 317 actions detected
| 0:01 | Create | Villager (Male) |
| 0:01 | Create | Villager (Male) |
| 0:02 | Build | House |
| 0:04 | Build | House |
| 0:07 | Build | House |
| 0:19 | Create | Villager (Male) |
| 0:19 | Create | Villager (Male) |
| 0:19 | Create | Villager (Male) |
| 1:26 | Create | Villager (Male) |
| 1:48 | Build | Lumber Camp |
| 1:50 | Create | Villager (Male) |
| 2:09 | Create | Villager (Male) |
| 2:30 | Create | Villager (Male) |
| 2:30 | Create | Villager (Male) |
| 2:39 | Create | Villager (Male) |
| 2:40 | Create | Villager (Male) |
| 2:59 | Create | Villager (Male) |
| 3:00 | Create | Villager (Male) |
| 3:10 | Create | Villager (Male) |
| 3:10 | Create | Villager (Male) |
| 3:26 | Create | Villager (Male) |
| 3:26 | Create | Villager (Male) |
| 3:53 | Build | House |
| 4:48 | Create | Villager (Male) |
| 4:49 | Create | Villager (Male) |
| 4:49 | Create | Villager (Male) |
| 4:49 | Create | Villager (Male) |
| 4:57 | Create | Villager (Male) |
| 4:57 | Create | Villager (Male) |
| 4:58 | Create | Villager (Male) |
| 5:38 | Build | Mill |
| 5:56 | Build | House |
| 6:48 | Create | Villager (Male) |
| 7:36 | Create | Villager (Male) |
| 7:47 | Build | Mill |
| 8:02 | Create | Villager (Male) |
| 8:14 | Research | Loom |
| 8:15 | Research | Loom |
| 8:15 | Research | Feudal Age |
| 8:15 | Research | Feudal Age |
| 8:29 | Build | House |
| 8:34 | Build | Palisade Wall |
| 8:37 | Build | Palisade Wall |
| 9:19 | Build | Palisade Wall |
| 9:26 | Build | Palisade Wall |
| 9:33 | Build | House |
| 9:47 | Build | Mining Camp |
| 10:59 | Age | Feudal Age |
| 11:03 | Build | Market |
| 11:14 | Build | Watch Tower |
| 11:35 | Create | Villager (Male) |
| 11:49 | Build | Watch Tower |
| 11:52 | Create | Villager (Male) |
| 12:08 | Build | Market |
| 12:20 | Create | Villager (Male) |
| 12:26 | Build | Blacksmith |
| 12:30 | Create | Villager (Male) |
| 12:51 | Create | Villager (Male) |
| 13:00 | Research | Horse Collar |
| 13:26 | Research | Fletching |
| 13:38 | Build | House |
| 13:41 | Build | Farm |
| 13:42 | Build | Farm |
| 13:44 | Build | Farm |
| 13:45 | Create | Villager (Male) |
| 13:47 | Research | Stone Mining |
| 13:47 | Research | Stone Mining |
| 14:18 | Build | Watch Tower |
| 14:24 | Create | Villager (Male) |
| 14:36 | Create | Villager (Male) |
| 14:46 | Create | Villager (Male) |
| 15:23 | Build | House |
| 15:31 | Create | Villager (Male) |
| 15:45 | Create | Villager (Male) |
| 16:02 | Create | Villager (Male) |
| 16:07 | Create | Villager (Male) |
| 16:08 | Build | Farm |
| 16:16 | Build | Mining Camp |
| 16:32 | Build | Watch Tower |
| 16:46 | Create | Villager (Male) |
| 16:59 | Build | Farm |
| 17:14 | Build | Farm |
| 17:14 | Build | Farm |
| 17:31 | Create | Villager (Male) |
| 17:50 | Create | Villager (Male) |
| 17:55 | Build | Farm |
| 18:01 | Build | House |
| 18:19 | Build | Farm |
| 18:19 | Build | Farm |
| 18:20 | Build | Farm |
| 18:21 | Build | Farm |
| 18:22 | Build | Farm |
| 18:50 | Build | Farm |
| 18:53 | Create | Villager (Male) |
| 19:19 | Build | Stone Wall |
| 19:25 | Build | Farm |
| 19:26 | Build | Farm |
| 19:27 | Build | Farm |
| 19:52 | Build | Farm |
| 19:53 | Create | Villager (Male) |
| 20:15 | Research | Castle Age |
| 20:16 | Research | Castle Age |
| 20:39 | Build | Stone Wall |
| 20:46 | Research | Gold Mining |
| 20:56 | Build | Lumber Camp |
| 21:10 | Research | Double-Bit Axe |
| 21:10 | Research | Double-Bit Axe |
| 21:34 | Build | House |
| 21:38 | Build | House |
| 22:34 | Create | Villager (Male) |
| 22:34 | Create | Villager (Male) |
| 22:58 | Age | Castle Age |
| 23:01 | Build | Town Center |
| 23:04 | Research | Gold Shaft Mining |
| 23:05 | Create | Villager (Male) |
| 23:10 | Build | Town Center |
| 23:27 | Research | Wheelbarrow |
| 23:27 | Research | Wheelbarrow |
| 23:49 | Create | Villager (Male) |
| 23:49 | Create | Villager (Male) |
| 23:49 | Create | Villager (Male) |
| 23:50 | Create | Villager (Male) |
| 23:50 | Create | Villager (Male) |
| 23:50 | Create | Villager (Male) |
| 24:37 | Create | Villager (Male) |
| 24:37 | Create | Villager (Male) |
| 24:37 | Create | Villager (Male) |
| 24:37 | Create | Villager (Male) |
| 24:49 | Build | Farm |
| 24:49 | Build | Farm |
| 24:49 | Build | Farm |
| 24:50 | Create | Villager (Male) |
| 24:56 | Create | Villager (Male) |
| 25:08 | Research | Bow Saw |
| 25:08 | Research | Bow Saw |
| 25:10 | Research | Heavy Plow |
| 25:15 | Build | Stone Wall |
| 25:27 | Build | Siege Workshop |
| 25:43 | Build | Castle |
| 25:51 | Create | Villager (Male) |
| 25:52 | Create | Villager (Male) |
| 25:52 | Create | Villager (Male) |
| 25:52 | Create | Villager (Male) |
| 26:06 | Create | Mangonel |
| 26:06 | Create | Mangonel |
| 26:06 | Create | Mangonel |
| 26:29 | Build | House |
| 26:31 | Create | Mangonel |
| 26:31 | Create | Mangonel |
| 26:32 | Create | Mangonel |
Build order — Goon Master 3000
First 150 of 379 actions detected
| 0:01 | Create | Villager (Male) |
| 0:01 | Create | Villager (Male) |
| 0:02 | Build | House |
| 0:03 | Build | House |
| 0:15 | Create | Villager (Male) |
| 0:19 | Create | Villager (Male) |
| 1:33 | Create | Villager (Male) |
| 1:58 | Create | Villager (Male) |
| 2:18 | Create | Villager (Male) |
| 2:51 | Create | Villager (Male) |
| 3:09 | Create | Villager (Male) |
| 3:28 | Build | House |
| 3:41 | Create | Villager (Male) |
| 3:41 | Create | Villager (Male) |
| 4:00 | Create | Villager (Male) |
| 4:36 | Build | Lumber Camp |
| 4:43 | Create | Villager (Male) |
| 4:45 | Create | Villager (Male) |
| 5:15 | Build | Mining Camp |
| 5:25 | Create | Villager (Male) |
| 6:00 | Research | Feudal Age |
| 6:38 | Build | House |
| 7:22 | Research | Loom |
| 7:22 | Create | Villager (Male) |
| 8:03 | Build | Palisade Gate |
| 8:10 | Age | Feudal Age |
| 8:18 | Build | Watch Tower |
| 8:20 | Create | Villager (Male) |
| 8:47 | Research | Double-Bit Axe |
| 8:49 | Create | Villager (Male) |
| 9:16 | Create | Villager (Male) |
| 9:39 | Build | Mill |
| 9:40 | Create | Villager (Male) |
| 9:50 | Build | Watch Tower |
| 9:54 | Create | Villager (Male) |
| 10:11 | Build | Blacksmith |
| 10:28 | Build | House |
| 10:50 | Create | Villager (Male) |
| 11:25 | Research | Fletching |
| 11:27 | Build | House |
| 11:30 | Build | Mill |
| 11:46 | Create | Villager (Male) |
| 12:13 | Create | Villager (Male) |
| 12:46 | Create | Villager (Male) |
| 13:07 | Create | Villager (Male) |
| 13:13 | Build | Farm |
| 13:20 | Create | Villager (Male) |
| 13:39 | Build | Farm |
| 14:02 | Build | Watch Tower |
| 14:09 | Create | Villager (Male) |
| 14:21 | Build | Farm |
| 14:23 | Research | Horse Collar |
| 14:24 | Create | Villager (Male) |
| 14:51 | Create | Villager (Male) |
| 15:18 | Create | Villager (Male) |
| 15:20 | Build | Farm |
| 15:23 | Build | Farm |
| 15:27 | Build | Mining Camp |
| 15:30 | Create | Villager (Male) |
| 16:07 | Create | Villager (Male) |
| 16:07 | Create | Villager (Male) |
| 16:27 | Build | Watch Tower |
| 16:28 | Create | Villager (Male) |
| 16:37 | Create | Villager (Male) |
| 17:02 | Create | Villager (Male) |
| 17:16 | Build | House |
| 17:25 | Build | Farm |
| 17:25 | Build | Farm |
| 17:26 | Build | Farm |
| 17:26 | Build | Farm |
| 17:28 | Build | Farm |
| 18:02 | Build | Market |
| 18:32 | Build | Farm |
| 18:38 | Build | Lumber Camp |
| 19:10 | Research | Castle Age |
| 19:20 | Build | Farm |
| 19:22 | Build | Farm |
| 20:35 | Build | House |
| 21:23 | Create | Villager (Male) |
| 21:23 | Create | Villager (Male) |
| 21:50 | Age | Castle Age |
| 21:52 | Build | Siege Workshop |
| 21:53 | Build | Siege Workshop |
| 22:02 | Build | Town Center |
| 22:05 | Research | Bow Saw |
| 22:05 | Research | Heavy Plow |
| 22:22 | Build | Castle |
| 22:27 | Create | Villager (Male) |
| 22:36 | Create | Villager (Male) |
| 22:43 | Create | Battering Ram |
| 22:59 | Create | Battering Ram |
| 23:07 | Create | Villager (Male) |
| 23:27 | Create | Battering Ram |
| 23:28 | Create | Villager (Male) |
| 23:28 | Create | Villager (Male) |
| 23:39 | Create | Villager (Male) |
| 23:46 | Create | Woad Raider |
| 23:51 | Create | Scorpion |
| 23:53 | Create | Villager (Male) |
| 24:04 | Build | Farm |
| 24:05 | Build | Farm |
| 24:09 | Build | Farm |
| 24:10 | Create | Woad Raider |
| 24:16 | Create | Scorpion |
| 24:16 | Create | Scorpion |
| 24:21 | Create | Woad Raider |
| 24:43 | Create | Scorpion |
| 24:46 | Create | Villager (Male) |
| 24:47 | Create | Woad Raider |
| 24:52 | Build | Farm |
| 25:00 | Create | Villager (Male) |
| 25:10 | Create | Scorpion |
| 25:12 | Create | Villager (Male) |
| 25:21 | Create | Woad Raider |
| 25:34 | Create | Villager (Male) |
| 25:45 | Create | Woad Raider |
| 26:09 | Create | Villager (Male) |
| 26:10 | Create | Villager (Male) |
| 26:32 | Create | Villager (Male) |
| 26:32 | Create | Villager (Male) |
| 26:39 | Create | Villager (Male) |
| 26:42 | Create | Villager (Male) |
| 26:46 | Build | Town Center |
| 26:47 | Create | Villager (Male) |
| 26:50 | Build | Farm |
| 26:51 | Build | Farm |
| 26:51 | Build | Farm |
| 26:52 | Build | Farm |
| 26:52 | Build | Farm |
| 26:52 | Build | Farm |
| 26:53 | Build | Farm |
| 26:55 | Create | Villager (Male) |
| 27:12 | Create | Villager (Male) |
| 27:36 | Build | Town Center |
| 27:37 | Create | Villager (Male) |
| 27:37 | Create | Villager (Male) |
| 27:53 | Create | Villager (Male) |
| 27:54 | Create | Villager (Male) |
| 28:00 | Create | Woad Raider |
| 28:04 | Build | House |
| 28:05 | Build | House |
| 28:05 | Build | House |
| 28:19 | Create | Villager (Male) |
| 28:19 | Create | Villager (Male) |
| 28:24 | Create | Villager (Male) |
| 28:24 | Create | Villager (Male) |
| 28:26 | Create | Villager (Male) |
| 28:26 | Create | Villager (Male) |
| 28:42 | Create | Villager (Male) |
| 28:43 | Create | Villager (Male) |
Build order — Andeshow
First 150 of 439 actions detected
| 0:02 | Build | House |
| 0:04 | Create | Villager (Male) |
| 0:04 | Create | Villager (Male) |
| 0:04 | Create | Villager (Male) |
| 0:04 | Create | Villager (Male) |
| 1:22 | Create | Villager (Male) |
| 1:22 | Create | Villager (Male) |
| 1:49 | Create | Villager (Male) |
| 1:49 | Create | Villager (Male) |
| 1:57 | Build | House |
| 2:09 | Research | Loom |
| 2:15 | Build | Lumber Camp |
| 2:20 | Build | House |
| 2:28 | Create | Villager (Male) |
| 2:28 | Create | Villager (Male) |
| 2:51 | Create | Villager (Male) |
| 2:56 | Build | House |
| 2:59 | Create | Villager (Male) |
| 3:00 | Create | Villager (Male) |
| 3:41 | Create | Villager (Male) |
| 4:21 | Create | Villager (Male) |
| 4:42 | Create | Villager (Male) |
| 5:04 | Build | Mill |
| 5:12 | Create | Villager (Male) |
| 5:13 | Create | Villager (Male) |
| 5:57 | Create | Villager (Male) |
| 6:31 | Create | Villager (Male) |
| 6:48 | Create | Villager (Male) |
| 7:25 | Create | Villager (Male) |
| 7:51 | Create | Villager (Male) |
| 8:03 | Build | Mining Camp |
| 8:32 | Research | Feudal Age |
| 9:27 | Build | Farm |
| 9:28 | Build | Farm |
| 9:29 | Build | Farm |
| 9:32 | Build | Farm |
| 9:33 | Build | Farm |
| 10:16 | Create | Villager (Male) |
| 10:16 | Create | Villager (Male) |
| 10:21 | Build | House |
| 10:42 | Age | Feudal Age |
| 10:43 | Build | Mill |
| 11:09 | Build | Market |
| 11:10 | Create | Villager (Male) |
| 11:41 | Build | Blacksmith |
| 12:00 | Create | Villager (Male) |
| 12:27 | Build | Mining Camp |
| 12:45 | Research | Castle Age |
| 12:45 | Research | Castle Age |
| 13:28 | Research | Stone Mining |
| 14:06 | Research | Horse Collar |
| 14:25 | Research | Double-Bit Axe |
| 14:56 | Create | Villager (Male) |
| 15:25 | Age | Castle Age |
| 15:26 | Build | Town Center |
| 15:32 | Build | House |
| 15:32 | Build | House |
| 15:39 | Create | Villager (Male) |
| 16:12 | Create | Villager (Male) |
| 16:32 | Create | Villager (Male) |
| 16:40 | Research | Gold Mining |
| 16:47 | Build | Farm |
| 16:49 | Build | Farm |
| 16:52 | Build | Farm |
| 16:58 | Build | Farm |
| 17:01 | Build | Farm |
| 17:02 | Create | Villager (Male) |
| 17:12 | Build | Farm |
| 17:14 | Create | Villager (Male) |
| 17:14 | Create | Villager (Male) |
| 17:25 | Create | Villager (Male) |
| 17:26 | Create | Villager (Male) |
| 17:39 | Build | Farm |
| 17:45 | Create | Villager (Male) |
| 17:46 | Create | Villager (Male) |
| 17:47 | Create | Villager (Male) |
| 17:47 | Create | Villager (Male) |
| 18:17 | Build | Castle |
| 18:19 | Create | Villager (Male) |
| 18:20 | Create | Villager (Male) |
| 18:23 | Build | Farm |
| 18:29 | Create | Villager (Male) |
| 18:29 | Create | Villager (Male) |
| 18:43 | Build | Farm |
| 18:44 | Build | Farm |
| 18:45 | Create | Villager (Male) |
| 18:45 | Create | Villager (Male) |
| 18:54 | Create | Villager (Male) |
| 18:54 | Create | Villager (Male) |
| 18:59 | Build | Barracks |
| 19:04 | Create | Villager (Male) |
| 19:11 | Build | Lumber Camp |
| 19:17 | Create | Villager (Male) |
| 19:18 | Create | Villager (Male) |
| 19:26 | Create | Villager (Male) |
| 19:26 | Create | Villager (Male) |
| 19:34 | Create | Villager (Male) |
| 19:34 | Create | Villager (Male) |
| 19:51 | Create | Villager (Male) |
| 19:51 | Create | Villager (Male) |
| 20:05 | Create | Villager (Male) |
| 20:05 | Create | Villager (Male) |
| 20:06 | Create | Villager (Male) |
| 20:07 | Create | Villager (Male) |
| 20:40 | Build | Lumber Camp |
| 21:49 | Build | Farm |
| 21:49 | Build | Farm |
| 21:52 | Create | Villager (Male) |
| 21:52 | Create | Villager (Male) |
| 21:52 | Create | Villager (Male) |
| 22:41 | Build | Archery Range |
| 22:43 | Build | Archery Range |
| 22:50 | Research | Wheelbarrow |
| 22:57 | Research | Town Watch |
| 23:17 | Research | Heavy Plow |
| 23:25 | Build | Farm |
| 23:26 | Build | Farm |
| 23:27 | Build | Farm |
| 23:27 | Build | Farm |
| 23:55 | Create | Villager (Male) |
| 23:55 | Create | Villager (Male) |
| 24:02 | Create | Skirmisher |
| 24:08 | Research | Padded Archer Armor |
| 24:14 | Build | Farm |
| 24:28 | Create | Skirmisher |
| 24:28 | Create | Skirmisher |
| 24:29 | Create | Skirmisher |
| 24:36 | Build | Farm |
| 24:37 | Build | Farm |
| 24:39 | Build | Farm |
| 24:40 | Build | Farm |
| 25:03 | Create | Skirmisher |
| 25:03 | Create | Skirmisher |
| 25:07 | Research | Fletching |
| 25:17 | Create | Skirmisher |
| 25:17 | Create | Skirmisher |
| 25:41 | Create | Villager (Male) |
| 25:41 | Create | Villager (Male) |
| 25:42 | Create | Villager (Male) |
| 25:47 | Build | Town Center |
| 26:26 | Create | Skirmisher |
| 26:26 | Create | Skirmisher |
| 26:34 | Create | Skirmisher |
| 26:34 | Create | Skirmisher |
| 26:34 | Create | Skirmisher |
| 26:39 | Build | Farm |
| 26:40 | Build | Farm |
| 26:40 | Build | Farm |
| 26:40 | Build | Farm |
| 26:41 | Build | Farm |
Match timeline
| 5:04 | RoR | Thofou2005 · wall_segment Palisade Wall x1 |
| 5:31 | RoR | Thofou2005 · wall_segment Palisade Wall x1 |
| 5:31 | RoR | Thofou2005 · wall_segment Palisade Wall x1 |
| 5:32 | RoR | Thofou2005 · wall_segment Palisade Wall x1 |
| 8:10 | Goon Master 3000 · age_up feudal |
| 8:34 | SirT_Gabasco · wall_segment Palisade Wall x8 |
| 8:37 | SirT_Gabasco · wall_segment Palisade Wall x5 |
| 9:19 | SirT_Gabasco · wall_segment Palisade Wall x8 |
| 9:26 | SirT_Gabasco · wall_segment Palisade Wall x5 |
| 10:01 | GAX | SUPERBOY · age_up feudal |
| 10:30 | Baby Wraith · age_up feudal |
| 10:42 | Andeshow · age_up feudal |
| 10:59 | SirT_Gabasco · age_up feudal |
| 11:21 | RoR | Thofou2005 · age_up feudal |
| 13:15 | GAX | SUPERBOY · first_market_buy 100 food |
| 13:50 | Baby Wraith · age_up castle |
| 14:11 | Baby Wraith · first_market_buy 100 wood |
| 14:49 | GAX | SUPERBOY · age_up castle |
| 14:51 | RoR | Thofou2005 · age_up castle |
| 15:15 | RoR | Thofou2005 · first_building Castle |
| 15:22 | RoR | Thofou2005 · first_building Monastery |
| 15:25 | Andeshow · age_up castle |
| 16:28 | GAX | SUPERBOY · first_building Monastery |
| 17:00 | GAX | SUPERBOY · first_market_sell 100 wood |
| 18:17 | Andeshow · first_building Castle |
| 18:29 | RoR | Thofou2005 · first_market_buy 100 food |
| 18:59 | Andeshow · first_building Barracks |
| 19:19 | SirT_Gabasco · wall_segment Stone Wall x1 |
| 20:39 | SirT_Gabasco · wall_segment Stone Wall x1 |
| 21:50 | Goon Master 3000 · age_up castle |
| 21:52 | Goon Master 3000 · first_building Siege Workshop |
| 22:22 | Goon Master 3000 · first_building Castle |
| 22:40 | Goon Master 3000 · first_market_sell 100 food |
| 22:41 | Goon Master 3000 · first_market_buy 100 wood |
| 22:41 | Andeshow · first_building Archery Range |
| 22:58 | SirT_Gabasco · age_up castle |
| 23:22 | Baby Wraith · first_building Monastery |
| 24:07 | Andeshow · first_market_buy 100 food |
| 25:15 | SirT_Gabasco · wall_segment Stone Wall x5 |
| 25:22 | SirT_Gabasco · first_market_buy 500 stone |
| 25:27 | SirT_Gabasco · first_building Siege Workshop |
| 25:32 | GAX | SUPERBOY · first_building Barracks |
| 25:36 | SirT_Gabasco · first_market_sell 100 food |
| 25:43 | SirT_Gabasco · first_building Castle |
| 26:09 | Baby Wraith · first_building Castle |
| 26:09 | GAX | SUPERBOY · tribute_sent a jugador 1 |
| 26:09 | GAX | SUPERBOY · tribute_sent a jugador 3 |
| 26:09 | GAX | SUPERBOY · tribute_sent a jugador 4 |
| 26:09 | GAX | SUPERBOY · tribute_sent a jugador 5 |
| 26:09 | GAX | SUPERBOY · tribute_sent a jugador 6 |
| 26:30 | GAX | SUPERBOY · first_building Stable |
| 28:00 | Baby Wraith · first_building Barracks |
| 28:01 | GAX | SUPERBOY · first_building Castle |
| 28:05 | GAX | SUPERBOY · age_up imperial |
| 28:24 | RoR | Thofou2005 · first_building Siege Workshop |
| 28:28 | RoR | Thofou2005 · first_building Barracks |
| 28:45 | Baby Wraith · first_building Stable |
| 28:52 | RoR | Thofou2005 · age_up imperial |
| 29:26 | Baby Wraith · age_up imperial |
| 31:01 | SirT_Gabasco · wall_segment Stone Wall x1 |
| 31:59 | Baby Wraith · first_building Siege Workshop |
| 31:59 | Andeshow · first_building Siege Workshop |
| 32:16 | RoR | Thofou2005 · wall_segment Stone Wall x1 |
| 32:17 | RoR | Thofou2005 · wall_segment Stone Wall x1 |
| 32:36 | SirT_Gabasco · first_building Monastery |
| 33:00 | RoR | Thofou2005 · wall_segment Stone Wall x1 |
| 33:14 | RoR | Thofou2005 · wall_segment Stone Wall x1 |
| 33:15 | RoR | Thofou2005 · wall_segment Stone Wall x1 |
| 33:17 | RoR | Thofou2005 · wall_segment Stone Wall x1 |
| 33:19 | RoR | Thofou2005 · wall_segment Stone Wall x1 |
| 34:11 | RoR | Thofou2005 · wall_segment Stone Wall x1 |
| 34:12 | RoR | Thofou2005 · wall_segment Stone Wall x1 |
| 35:35 | Goon Master 3000 · age_up imperial |
| 36:30 | GAX | SUPERBOY · tribute_sent a jugador 1 |
| 36:30 | GAX | SUPERBOY · tribute_sent a jugador 3 |
| 36:30 | GAX | SUPERBOY · tribute_sent a jugador 4 |
| 36:30 | GAX | SUPERBOY · tribute_sent a jugador 5 |
| 36:30 | GAX | SUPERBOY · tribute_sent a jugador 6 |
| 39:00 | Andeshow · first_market_sell 100 food |
| 41:01 | SirT_Gabasco · resign |
[ AI ANALYSIS · 1 CREDIT ]
What really happened in this match?
Wolo.gg analyzes every decision: build order, eco, micro, common mistakes by bracket. Personalized analysis on WhatsApp or Discord in 30 seconds.
Civ guide
Spanish
Perfil
Jugador #18803434